Workbook
Name \: #REF!
Name \0: #REF!
Name \a: #REF!
Name \b: [1]SID_NI_5!#REF!
Name \c: [1]SID_NI_5!#REF!
Name \e: #REF!
Name \fagf: #REF!
Name \I: #REF!
Name \p: [1]SID_NI_5!#REF!
Name \q: #REF!
Name \S: [2]COMPOS1!#REF!
Name \y: #N/A
Name ___\i: #REF!
Name ___\i: #REF!
Name ____________________________________PL1: #REF!
Name ___________________________________PL1: #REF!
Name __________________________________PL1: #REF!
Name _________________________________PL1: #REF!
Name ________________________________PL1: #REF!
Name _______________________________PL1: #REF!
Name ______________________________PL1: #REF!
Name _____________________________PL1: #REF!
Name ____________________________PL1: #REF!
Name ___________________________PL1: #REF!
Name __________________________PL1: #REF!
Name _________________________PL1: #REF!
Name _________________________tt1: #N/A
Name ________________________PL1: #REF!
Name ________________________tt1: #N/A
Name _______________________PL1: #REF!
Name _______________________tt1: #N/A
Name ______________________CAP20: #REF!
Name ______________________PL1: #REF!
Name ______________________TB10: #REF!
Name ______________________TCB5: #REF!
Name ______________________tcc4: #REF!
Name ______________________tt1: #N/A
Name _____________________CAP20: #REF!
Name _____________________PL1: #REF!
Name _____________________TB10: #REF!
Name _____________________TCB5: #REF!
Name _____________________tcc4: #REF!
Name _____________________tt1: #N/A
Name ____________________PL1: #REF!
Name ____________________tcc4: #REF!
Name ____________________tt1: #N/A
Name ___________________CAP20: #REF!
Name ___________________PL1: #REF!
Name ___________________TB10: #REF!
Name ___________________TCB5: #REF!
Name ___________________tcc4: #REF!
Name ___________________tt1: #N/A
Name __________________CAP20: #REF!
Name __________________PL1: #REF!
Name __________________TB10: #REF!
Name __________________TCB5: #REF!
Name __________________tcc4: #REF!
Name __________________tt1: #N/A
Name _________________CAP20: #REF!
Name _________________PL1: #REF!

Sheet ORÇAMENTO
E2: Ministério da Integração e do Desenvolvimento Regional
E3: Companhia de Desenvolvimento dos Vales do São Francisco e do Parnaíba
E4: 1ª Superintendência Regional
B5: OBRA: | C5: EXECUÇÃO DAS OBRAS E SERVIÇOS DE CONSTRUÇÃO DE PONTES E GALERIAS, INCLUINDO A CONCLUSÃO DE ESTRUTURAS JÁ INICIADAS, LOCALIZADAS NA ÁREA DA BARRAGEM DE APROVEITAMENTO MÚLTIPLO JEQUITAÍ I, NO MUNICÍPIO DE FRANCISCO DUMONT, NO ESTADO DE MINAS GERAIS - ITEM 1: PONTES A e B | J5: BDI-SERVIÇO % | L5: =BDI!C17 -> 0.2614
B6: DATA: | C6: 46082 | J6: BDI - FORN. % | L6: =BDI!C62 -> 0.15
B7: PLANILHA DE ORÇAMENTAÇÃO
B8: ITEM | C8: CÓDIGO | D8: FONTE | E8: DISCRIMINAÇÃO | F8: TIPO | G8: UNID. | H8: QUANT. | I8: VR.UNIT.S/BDI | J8: PR. UNIT.C/BDI | K8: C. TOT.S/BDI | L8: P. TOT.C/BDI
A9: A | B9: 1 | E9: MOBILIZAÇÃO E SERVIÇOS PRELIMINARES | L9: =ROUND(H9*J9,2) -> 0
A10: A1 | B10: 1.1 | E10: CANTEIRO DE OBRAS
A11: 1 | B11: 1.1.1 | C11: CA0001 | D11: CODEVASF | E11: ADMINISTRAÇÃO LOCAL E MANUTENÇÃO DO CANTEIRO DE OBRAS | F11: SERV | G11: unid. | H11: 1 | I11: =VLOOKUP(A11,CPU!A:P,11,0) -> 475629.65 | J11: =TRUNC(IF(F11="SERV",I11*(1+$L$5),$L$6*I11),2) -> 599959.24 | K11: =TRUNC(H11*I11,2) -> 475629.65 | L11: =TRUNC(H11*J11,2) -> 599959.24
A12: 2 | B12: 1.1.2 | C12: CA0002 | D12: CODEVASF | E12: MOBILIZAÇÃO E DESMOBILIZAÇÃO DE PESSOAL E EQUIPAMENTOS AUTOPROPELIDOS | F12: SERV | G12: unid. | H12: 1 | I12: =VLOOKUP(A12,CPU!A:P,11,0) -> 14376.92 | J12: =TRUNC(IF(F12="SERV",I12*(1+$L$5),$L$6*I12),2) -> 18135.04 | K12: =TRUNC(H12*I12,2) -> 14376.92 | L12: =TRUNC(H12*J12,2) -> 18135.04
A13: 2.5 | B13: 1.1.3 | C13: CA0003 | D13: CODEVASF | E13: MOBILIZAÇÃO E DESMOBILIZAÇÃO DE GUINDASTES ESPECIAIS PARA LANÇAMENTO DAS VIGAS PRÉ-MOLDADAS | F13: SERV | G13: unid. | H13: 4 | I13: =VLOOKUP(A13,CPU!A:P,11,0) -> 60800.17 | J13: =TRUNC(IF(F13="SERV",I13*(1+$L$5),$L$6*I13),2) -> 76693.33 | K13: =TRUNC(H13*I13,2) -> 243200.68 | L13: =TRUNC(H13*J13,2) -> 306773.32
A14: 3 | B14: 1.1.4 | C14: CA0004 | D14: CODEVASF | E14: EXECUÇÃO DE CANTEIRO DE OBRA EM CHAPA DE MADEIRA COMPENSADA, INCLUSIVE MOBILIÁRIO E EQUIPAMENTOS | F14: SERV | G14: unid. | H14: 1 | I14: =VLOOKUP(A14,CPU!A:P,11,0) -> 62450.2 | J14: =TRUNC(IF(F14="SERV",I14*(1+$L$5),$L$6*I14),2) -> 78774.68 | K14: =TRUNC(H14*I14,2) -> 62450.2 | L14: =TRUNC(H14*J14,2) -> 78774.68
A15: 4 | B15: 1.1.5 | C15: 103689 | D15: SINAPI | E15: PLACA DE OBRA EM CHAPA DE ACO GALVANIZADO | F15: SERV | G15: m² | H15: 9 | I15: =VLOOKUP(A15,CPU!A:P,11,0) -> 509.57 | J15: =TRUNC(IF(F15="SERV",I15*(1+$L$5),$L$6*I15),2) -> 642.77 | K15: =TRUNC(H15*I15,2) -> 4586.13 | L15: =TRUNC(H15*J15,2) -> 5784.93
A16: 2.6 | B16: 1.1.6 | C16: CA0005 | D16: CODEVASF | E16: CAMINHONETE COM MOTOR A DIESEL, POTÊNCIA 180 CV, CABINE DUPLA, 4X4 - PARA USO DA FISCALIZAÇÃO | F16: SERV | G16: mês | H16: 10 | I16: =VLOOKUP(A16,CPU!A:P,11,0) -> 4448.05 | J16: =TRUNC(IF(F16="SERV",I16*(1+$L$5),$L$6*I16),2) -> 5610.77 | K16: =TRUNC(H16*I16,2) -> 44480.5 | L16: =TRUNC(H16*J16,2) -> 56107.7
A17: A2 | B17: 1.2 | E17: TRANSPORTE DE EQUIPAMENTOS
A18: 5 | B18: 1.2.1 | C18: 5914640 | D18: SICRO | E18: TRANSPORTE DE EQUIPAMENTOS COM CAVALO MECÂNICO COM SEMI-REBOQUE, CAPACIDADE DE 30T - RODOVIA PAVIMENTADA | F18: SERV | G18: txkm | H18: 20000 | I18: =VLOOKUP(A18,CPU!A:P,11,0) -> 0.58 | J18: =TRUNC(IF(F18="SERV",I18*(1+$L$5),$L$6*I18),2) -> 0.73 | K18: =TRUNC(H18*I18,2) -> 11600 | L18: =TRUNC(H18*J18,2) -> 14600
A19: 6 | B19: 1.2.2 | C19: 5914639 | D19: SICRO | E19: TRANSPORTE DE EQUIPAMENTOS COM CAVALO MECÂNICO COM SEMI-REBOQUE, CAPACIDADE DE 30T - RODOVIA EM REVESTIMENTO PRIMÁRIO | F19: SERV | G19: txkm | H19: 2500 | I19: =VLOOKUP(A19,CPU!A:P,11,0) -> 0.72 | J19: =TRUNC(IF(F19="SERV",I19*(1+$L$5),$L$6*I19),2) -> 0.9 | K19: =TRUNC(H19*I19,2) -> 1800 | L19: =TRUNC(H19*J19,2) -> 2250
A20: A3 | B20: 1.3 | E20: SERVIÇOS PRELIMINARES
A21: 7 | B21: 1.3.1 | C21: 1600966 | D21: SICRO | E21: REMOÇÃO DE CERCAS E MOURÕES, DE FORMA MANUAL, SEM REAPROVEITAMENTO | F21: SERV | G21: m | H21: 960 | I21: =VLOOKUP(A21,CPU!A:P,11,0) -> 0.75 | J21: =TRUNC(IF(F21="SERV",I21*(1+$L$5),$L$6*I21),2) -> 0.94 | K21: =TRUNC(H21*I21,2) -> 720 | L21: =TRUNC(H21*J21,2) -> 902.4
A22: 8 | B22: 1.3.2 | C22: 98529 | D22: SINAPI | E22: CORTE RASO E RECORTE DE ÁRVORE COM DIÂMETRO DE TRONCO MAIOR OU IGUAL A 0,20 M E MENOR QUE 0,40 | F22: SERV | G22: unid. | H22: 200 | I22: =VLOOKUP(A22,CPU!A:P,11,0) -> 81.16 | J22: =TRUNC(IF(F22="SERV",I22*(1+$L$5),$L$6*I22),2) -> 102.37 | K22: =TRUNC(H22*I22,2) -> 16232 | L22: =TRUNC(H22*J22,2) -> 20474
A23: 9 | B23: 1.3.3 | C23: 98530 | D23: SINAPI | E23: CORTE RASO E RECORTE DE ÁRVORE COM DIÂMETRO DE TRONCO MAIOR OU IGUAL A 0,40 M E MENOR QUE 0,60 | F23: SERV | G23: unid. | H23: 100 | I23: =VLOOKUP(A23,CPU!A:P,11,0) -> 159.29 | J23: =TRUNC(IF(F23="SERV",I23*(1+$L$5),$L$6*I23),2) -> 200.92 | K23: =TRUNC(H23*I23,2) -> 15929 | L23: =TRUNC(H23*J23,2) -> 20092
A24: 10 | B24: 1.3.4 | C24: 98531 | D24: SINAPI | E24: CORTE RASO E RECORTE DE ÁRVORE COM DIÂMETRO DE TRONCO MAIOR OU IGUAL A 0,60 M | F24: SERV | G24: unid. | H24: 30 | I24: =VLOOKUP(A24,CPU!A:P,11,0) -> 424.5 | J24: =TRUNC(IF(F24="SERV",I24*(1+$L$5),$L$6*I24),2) -> 535.46 | K24: =TRUNC(H24*I24,2) -> 12735 | L24: =TRUNC(H24*J24,2) -> 16063.8
A25: 11 | B25: 1.3.5 | C25: 5502985 | D25: SICRO | E25: LIMPEZA MECANIZADA DE CAMADA VEGETAL, VEGETAÇÃO E PEQUENAS ÁRVORES (DIÂMETRO DE TRONCO MENOR QUE 0,20 M), COM TRATOR DE ESTEIRAS | F25: SERV | G25: m² | H25: 12000 | I25: =VLOOKUP(A25,CPU!A:P,11,0) -> 0.77 | J25: =TRUNC(IF(F25="SERV",I25*(1+$L$5),$L$6*I25),2) -> 0.97 | K25: =TRUNC(H25*I25,2) -> 9240 | L25: =TRUNC(H25*J25,2) -> 11640
A26: 41 | B26: 1.3.6 | C26: 5914351 | D26: SICRO | E26: CARGA, MANOBRA E DESCARGA DE AGREGADOS, ROCHA OU SOLOS EM CAMINHÃO BASCULANTE | F26: SERV | G26: ton | H26: 4000 | I26: =VLOOKUP(A26,CPU!A:P,11,0) -> 2.92 | J26: =TRUNC(IF(F26="SERV",I26*(1+$L$5),$L$6*I26),2) -> 3.68 | K26: =TRUNC(H26*I26,2) -> 11680 | L26: =TRUNC(H26*J26,2) -> 14720
A27: 83 | B27: 1.3.7 | C27: 5915320 | D27: SICRO | E27: TRANSPORTE COM CAMINHÃO BASCULANTE - RODOVIA EM REVESTIMENTO PRIMÁRIO | F27: SERV | G27: txkm | H27: 37000 | I27: =VLOOKUP(A27,CPU!A:P,11,0) -> 0.75 | J27: =TRUNC(IF(F27="SERV",I27*(1+$L$5),$L$6*I27),2) -> 0.94 | K27: =TRUNC(H27*I27,2) -> 27750 | L27: =TRUNC(H27*J27,2) -> 34780
A28: 82 | B28: 1.3.8 | C28: 5915321 | D28: SICRO | E28: TRANSPORTE COM CAMINHÃO BASCULANTE - RODOVIA PAVIMENTADA | F28: SERV | G28: txkm | H28: 15000 | I28: =VLOOKUP(A28,CPU!A:P,11,0) -> 0.68 | J28: =TRUNC(IF(F28="SERV",I28*(1+$L$5),$L$6*I28),2) -> 0.85 | K28: =TRUNC(H28*I28,2) -> 10200 | L28: =TRUNC(H28*J28,2) -> 12750
A29: 14 | B29: 1.3.9 | C29: 4413942 | D29: SICRO | E29: ESPALHAMENTO DE MATERIAL EM BOTA FORA | F29: SERV | G29: m³ | H29: 2500 | I29: =VLOOKUP(A29,CPU!A:P,11,0) -> 2.75 | J29: =TRUNC(IF(F29="SERV",I29*(1+$L$5),$L$6*I29),2) -> 3.46 | K29: =TRUNC(H29*I29,2) -> 6875 | L29: =TRUNC(H29*J29,2) -> 8650
A30: 12 | B30: 1.3.10 | C30: CA0011 | D30: CPU | E30: AQUISIÇÃO DE PEDRA DE MÃO COMERCIAL, PARA ENROCAMENTO, GABIÃO E DISSIPADORES - EXCLUSIVE TRANSPORTE | F30: SERV | G30: m³ | H30: 75 | I30: =VLOOKUP(A30,CPU!A:P,11,0) -> 165.48 | J30: =TRUNC(IF(F30="SERV",I30*(1+$L$5),$L$6*I30),2) -> 208.73 | K30: =TRUNC(H30*I30,2) -> 12411 | L30: =TRUNC(H30*J30,2) -> 15654.75
A31: 16 | B31: 1.3.11 | C31: CA0006 | D31: CPU | E31: SERVIÇOS TOPOGRÁFICOS PARA PAVIMENTAÇÃO E OEA, INCLUSIVE LEVANTAMENTO PLANIALTIMÉTRICO CADASTRAL, GERAÇÃO DE NOTAS DE SERVIÇO, SEÇÕES TRANSVERSAIS E GREIDE, ESTAQUEAMENTO E ACOMPANHAMENTO EXECUTIVO | F31: SERV | G31: m² | H31: 6200 | I31: =VLOOKUP(A31,CPU!A:P,11,0) -> 0.4 | J31: =TRUNC(IF(F31="SERV",I31*(1+$L$5),$L$6*I31),2) -> 0.5 | K31: =TRUNC(H31*I31,2) -> 2480 | L31: =TRUNC(H31*J31,2) -> 3100
A32: A4 | B32: 1.4 | E32: PLANO DE RIGGING
A33: 17 | B33: 1.4.1 | C33: CA0010 | D33: CPU | E33: ELABORAÇÃO DO PLANO DE RIGGING - POR ESTRUTURA | F33: SERV | G33: unid. | H33: 2 | I33: =VLOOKUP(A33,CPU!A:P,11,0) -> 2542.55 | J33: =TRUNC(IF(F33="SERV",I33*(1+$L$5),$L$6*I33),2) -> 3207.17 | K33: =TRUNC(H33*I33,2) -> 5085.1 | L33: =TRUNC(H33*J33,2) -> 6414.34
A34: 11 | B34: 1.4.2 | C34: 5502985 | D34: SICRO | E34: LIMPEZA MECANIZADA DE CAMADA VEGETAL, VEGETAÇÃO E PEQUENAS ÁRVORES (DIÂMETRO DE TRONCO MENOR QUE 0,20 M), COM TRATOR DE ESTEIRAS | F34: SERV | G34: m² | H34: 1800 | I34: =VLOOKUP(A34,CPU!A:P,11,0) -> 0.77 | J34: =TRUNC(IF(F34="SERV",I34*(1+$L$5),$L$6*I34),2) -> 0.97 | K34: =TRUNC(H34*I34,2) -> 1386 | L34: =TRUNC(H34*J34,2) -> 1746
A35: 70 | B35: 1.4.3 | C35: 5501906 | D35: SICRO | E35: ESCAVAÇÃO, CARGA E TRANSPORTE DE MATERIAL DE 1A CATEGORIA - DMT DE 1.000 A 1.200M - CAMINHO DE SERVIÇO EM REVESTIMENTO PRIMÁRIO | F35: SERV | G35: m³ | H35: 700 | I35: =VLOOKUP(A35,CPU!A:P,11,0) -> 12.46 | J35: =TRUNC(IF(F35="SERV",I35*(1+$L$5),$L$6*I35),2) -> 15.71 | K35: =TRUNC(H35*I35,2) -> 8722 | L35: =TRUNC(H35*J35,2) -> 10997
A36: 41 | B36: 1.4.4 | C36: 5914351 | D36: SICRO | E36: CARGA, MANOBRA E DESCARGA DE AGREGADOS, ROCHA OU SOLOS EM CAMINHÃO BASCULANTE | F36: SERV | G36: ton | H36: 900 | I36: =VLOOKUP(A36,CPU!A:P,11,0) -> 2.92 | J36: =TRUNC(IF(F36="SERV",I36*(1+$L$5),$L$6*I36),2) -> 3.68 | K36: =TRUNC(H36*I36,2) -> 2628 | L36: =TRUNC(H36*J36,2) -> 3312
A37: 83 | B37: 1.4.5 | C37: 5915320 | D37: SICRO | E37: TRANSPORTE COM CAMINHÃO BASCULANTE - RODOVIA EM REVESTIMENTO PRIMÁRIO | F37: SERV | G37: txkm | H37: 12000 | I37: =VLOOKUP(A37,CPU!A:P,11,0) -> 0.75 | J37: =TRUNC(IF(F37="SERV",I37*(1+$L$5),$L$6*I37),2) -> 0.94 | K37: =TRUNC(H37*I37,2) -> 9000 | L37: =TRUNC(H37*J37,2) -> 11280
A38: 72 | B38: 1.4.6 | C38: 4011227 | D38: SICRO | E38: SUB-BASE DE SOLO ESTABILIZADO GRANULOMETRICAMENTE SEM MISTURA COM MATERIAL DE JAZIDA - 100% PROCTOR INTERMEDIÁRIO | F38: SERV | G38: m³ | H38: 340 | I38: =VLOOKUP(A38,CPU!A:P,11,0) -> 15.35 | J38: =TRUNC(IF(F38="SERV",I38*(1+$L$5),$L$6*I38),2) -> 19.36 | K38: =TRUNC(H38*I38,2) -> 5219 | L38: =TRUNC(H38*J38,2) -> 6582.4
A39: 73 | B39: 1.4.7 | C39: 4011219 | D39: SICRO | E39: BASE DE SOLO ESTABILIZADO GRANULOMETRICAMENTE SEM MISTURA COM MATERIAL DE JAZIDA - 100% PROCTOR MODIFICADO | F39: SERV | G39: m³ | H39: 340 | I39: =VLOOKUP(A39,CPU!A:P,11,0) -> 16.77 | J39: =TRUNC(IF(F39="SERV",I39*(1+$L$5),$L$6*I39),2) -> 21.15 | K39: =TRUNC(H39*I39,2) -> 5701.8 | L39: =TRUNC(H39*J39,2) -> 7191
A40: 132 | B40: 1.4.8 | C40: 4011211 | D40: SICRO | E40: REFORÇO DO SUBLEITO COM MATERIAL DE JAZIDA - 100% PROCTOR INTERMEDIÁRIO | F40: SERV | G40: m³ | H40: 900 | I40: =VLOOKUP(A40,CPU!A:P,11,0) -> 15.35 | J40: =TRUNC(IF(F40="SERV",I40*(1+$L$5),$L$6*I40),2) -> 19.36 | K40: =TRUNC(H40*I40,2) -> 13815 | L40: =TRUNC(H40*J40,2) -> 17424
A41: 14 | B41: 1.4.9 | C41: 4413942 | D41: SICRO | E41: ESPALHAMENTO DE MATERIAL EM BOTA FORA | F41: SERV | G41: m³ | H41: 540 | I41: =VLOOKUP(A41,CPU!A:P,11,0) -> 2.75 | J41: =TRUNC(IF(F41="SERV",I41*(1+$L$5),$L$6*I41),2) -> 3.46 | K41: =TRUNC(H41*I41,2) -> 1485 | L41: =TRUNC(H41*J41,2) -> 1868.4
A42: B | B42: 2 | E42: PONTE A
A43: B1 | B43: 2.1 | E43: OBRAS DE ARTE CORRENTE E DRENAGEM
A44: 31 | B44: 2.1.1 | C44: RO-40666 | D44: DER-MG | E44: SARJETA DE CONCRETO EM CORTE TIPO DR.SCC 90/10 - EXECUÇÃO INCLUINDO ESCAVAÇÃO, FORNECIMENTO E TRANSPORTE DE TODOS OS MATERIAIS | F44: SERV | G44: m | H44: 180 | I44: =VLOOKUP(A44,CPU!A:P,11,0) -> 63.12 | J44: =TRUNC(IF(F44="SERV",I44*(1+$L$5),$L$6*I44),2) -> 79.61 | K44: =TRUNC(H44*I44,2) -> 11361.6 | L44: =TRUNC(H44*J44,2) -> 14329.8
A45: 32 | B45: 2.1.2 | C45: RO-40613 | D45: DER-MG | E45: SARJETA DE CONCRETO EM ATERRO TIPO DR.SCA 30/10 - EXECUÇÃO INCLUINDO ESCAVAÇÃO, FORNECIMENTO E TRANSPORTE DE TODOS OS MATERIAIS | F45: SERV | G45: m | H45: 320 | I45: =VLOOKUP(A45,CPU!A:P,11,0) -> 37.14 | J45: =TRUNC(IF(F45="SERV",I45*(1+$L$5),$L$6*I45),2) -> 46.84 | K45: =TRUNC(H45*I45,2) -> 11884.8 | L45: =TRUNC(H45*J45,2) -> 14988.8
A46: 33 | B46: 2.1.3 | C46: CA0007 | D46: DER-MG | E46: SAÍDA D'ÁGUA EM TALUDE DE CORTE PARA SARJETA DO TIPO SDC PARA SCC 90/10 | F46: SERV | G46: unid. | H46: 4 | I46: =VLOOKUP(A46,CPU!A:P,11,0) -> 568.33 | J46: =TRUNC(IF(F46="SERV",I46*(1+$L$5),$L$6*I46),2) -> 716.89 | K46: =TRUNC(H46*I46,2) -> 2273.32 | L46: =TRUNC(H46*J46,2) -> 2867.56
A47: 34 | B47: 2.1.4 | C47: ED-48598 | D47: DER-MG | E47: DESCIDA D'ÁGUA TIPO CALHA DN 500 - EXCLUSIVE BOTA FORA | F47: SERV | G47: m | H47: 30 | I47: =VLOOKUP(A47,CPU!A:P,11,0) -> 480.78 | J47: =TRUNC(IF(F47="SERV",I47*(1+$L$5),$L$6*I47),2) -> 606.45 | K47: =TRUNC(H47*I47,2) -> 14423.4 | L47: =TRUNC(H47*J47,2) -> 18193.5
A48: 35 | B48: 2.1.5 | C48: RO-40514 | D48: DER-MG | E48: VALETA DE PROTEÇÃO DE ATERRO TIPO DR.VPA - EXECUÇÃO, INCLUSIVE ESCAVAÇÃO | F48: SERV | G48: m | H48: 80 | I48: =VLOOKUP(A48,CPU!A:P,11,0) -> 33.98 | J48: =TRUNC(IF(F48="SERV",I48*(1+$L$5),$L$6*I48),2) -> 42.86 | K48: =TRUNC(H48*I48,2) -> 2718.4 | L48: =TRUNC(H48*J48,2) -> 3428.8
A49: 36 | B49: 2.1.6 | C49: CA0008 | D49: DER-MG | E49: DISSIPADOR DE ENERGIA PARA SAÍDA D'ÁGUA E VALETA DE PROTEÇÃO, TIPO DEN 01 | F49: SERV | G49: unid. | H49: 3 | I49: =VLOOKUP(A49,CPU!A:P,11,0) -> 319.13 | J49: =TRUNC(IF(F49="SERV",I49*(1+$L$5),$L$6*I49),2) -> 402.55 | K49: =TRUNC(H49*I49,2) -> 957.39 | L49: =TRUNC(H49*J49,2) -> 1207.65
A50: 37 | B50: 2.1.7 | C50: CA0009 | D50: DER-MG | E50: DISSIPADOR DE ENERGIA PARA DESCIDA D'ÁGUA E BOCAS DE BUEIRO, TIPO DEN 04 | F50: SERV | G50: unid. | H50: 3 | I50: =VLOOKUP(A50,CPU!A:P,11,0) -> 261.09 | J50: =TRUNC(IF(F50="SERV",I50*(1+$L$5),$L$6*I50),2) -> 329.33 | K50: =TRUNC(H50*I50,2) -> 783.27 | L50: =TRUNC(H50*J50,2) -> 987.99
A51: 38 | B51: 2.1.8 | C51: 2003730 | D51: SICRO | E51: CAIXA COLETORA DE TALVEGUE - CCT02 - AREIA E BRITA COMERCIAIS | F51: SERV | G51: unid. | H51: 1 | I51: =VLOOKUP(A51,CPU!A:P,11,0) -> 3576.52 | J51: =TRUNC(IF(F51="SERV",I51*(1+$L$5),$L$6*I51),2) -> 4511.42 | K51: =TRUNC(H51*I51,2) -> 3576.52 | L51: =TRUNC(H51*J51,2) -> 4511.42
A52: 39 | B52: 2.1.9 | C52: 0804013 | D52: SICRO | E52: CORPO DE BSTC D = 0,40M PA1 - AREIA E BRITA COMERCIAIS | F52: SERV | G52: m | H52: 12 | I52: =VLOOKUP(A52,CPU!A:P,11,0) -> 270.31 | J52: =TRUNC(IF(F52="SERV",I52*(1+$L$5),$L$6*I52),2) -> 340.96 | K52: =TRUNC(H52*I52,2) -> 3243.72 | L52: =TRUNC(H52*J52,2) -> 4091.52
A53: 39.4 | B53: 2.1.10 | C53: 2003866 | D53: SICRO | E53: APLICAÇÃO DE GEOTÊXTIL NÃO TECIDO AGULHADO COM RESISTÊNCIA À TRAÇÃO LONGITUDINAL DE 14KN/M | F53: SERV | G53: m² | H53: 720 | I53: =VLOOKUP(A53,CPU!A:P,11,0) -> 7.5 | J53: =TRUNC(IF(F53="SERV",I53*(1+$L$5),$L$6*I53),2) -> 9.46 | K53: =TRUNC(H53*I53,2) -> 5400 | L53: =TRUNC(H53*J53,2) -> 6811.2
A54: 39.5 | B54: 2.1.11 | C54: 3205866a | D54: SICRO | E54: GABIÃO CAIXA 1,0M X 1,0M - PEDRA DE MÃO DISPONÍVEL NO LOCAL - FORNECIMENTO E ASSENTAMENTO | F54: SERV | G54: m³ | H54: 48 | I54: =VLOOKUP(A54,CPU!A:P,11,0) -> 534.08 | J54: =TRUNC(IF(F54="SERV",I54*(1+$L$5),$L$6*I54),2) -> 673.68 | K54: =TRUNC(H54*I54,2) -> 25635.84 | L54: =TRUNC(H54*J54,2) -> 32336.64
A55: 40 | B55: 2.1.12 | C55: 3205876a | D55: SICRO | E55: GABIÃO COLCHÃO ESPESSURA 0,30M - PEDRA DE MÃO DISPONÍVEL NO LOCAL - FORNECIMENTO E ASSENTAMENTO | F55: SERV | G55: m² | H55: 420 | I55: =VLOOKUP(A55,CPU!A:P,11,0) -> 237.15 | J55: =TRUNC(IF(F55="SERV",I55*(1+$L$5),$L$6*I55),2) -> 299.14 | K55: =TRUNC(H55*I55,2) -> 99603 | L55: =TRUNC(H55*J55,2) -> 125638.8
A56: 41 | B56: 2.1.13 | C56: 5914351 | D56: SICRO | E56: CARGA, MANOBRA E DESCARGA DE AGREGADOS, ROCHA OU SOLOS EM CAMINHÃO BASCULANTE | F56: SERV | G56: ton | H56: 300 | I56: =VLOOKUP(A56,CPU!A:P,11,0) -> 2.92 | J56: =TRUNC(IF(F56="SERV",I56*(1+$L$5),$L$6*I56),2) -> 3.68 | K56: =TRUNC(H56*I56,2) -> 876 | L56: =TRUNC(H56*J56,2) -> 1104
A57: 42 | B57: 2.1.14 | C57: 5914335 | D57: SICRO | E57: TRANSPORTE DE MATERIAL DE 3A CATEGORIA COM CAMINHÃO BASCULANTE PARA ROCHA - RODOVIA EM REVESTIMENTO PRIMÁRIO | F57: SERV | G57: txkm | H57: 1500 | I57: =VLOOKUP(A57,CPU!A:P,11,0) -> 0.96 | J57: =TRUNC(IF(F57="SERV",I57*(1+$L$5),$L$6*I57),2) -> 1.21 | K57: =TRUNC(H57*I57,2) -> 1440 | L57: =TRUNC(H57*J57,2) -> 1815
A58: 43 | B58: 2.1.15 | C58: 5914336 | D58: SICRO | E58: TRANSPORTE DE MATERIAL DE 3A CATEGORIA COM CAMINHÃO BASCULANTE PARA ROCHA - RODOVIA PAVIMENTADA | F58: SERV | G58: txkm | H58: 300 | I58: =VLOOKUP(A58,CPU!A:P,11,0) -> 0.82 | J58: =TRUNC(IF(F58="SERV",I58*(1+$L$5),$L$6*I58),2) -> 1.03 | K58: =TRUNC(H58*I58,2) -> 246 | L58: =TRUNC(H58*J58,2) -> 309
A59: B2 | B59: 2.2 | E59: ESTRUTURAS
A60: 46 | B60: 2.2.1 | C60: 3108017 | D60: SICRO | E60: FORMA DE COMPENSADO PLASTIFICADO 14MM, USO GERAL - CONFECÇÃO, INSTALAÇÃO E RETIRADA | F60: SERV | G60: m² | H60: 1400 | I60: =VLOOKUP(A60,CPU!A:P,11,0) -> 79.34 | J60: =TRUNC(IF(F60="SERV",I60*(1+$L$5),$L$6*I60),2) -> 100.07 | K60: =TRUNC(H60*I60,2) -> 111076 | L60: =TRUNC(H60*J60,2) -> 140098
A61: 47 | B61: 2.2.2 | C61: 1106057 | D61: SICRO | E61: CONCRETO MAGRO - CONFECÇÃO EM BETONEIRA E LANÇAMENTO MANUAL - AREIA E BRITA COMERCIAIS | F61: SERV | G61: m³ | H61: 5 | I61: =VLOOKUP(A61,CPU!A:P,11,0) -> 460.03 | J61: =TRUNC(IF(F61="SERV",I61*(1+$L$5),$L$6*I61),2) -> 580.28 | K61: =TRUNC(H61*I61,2) -> 2300.15 | L61: =TRUNC(H61*J61,2) -> 2901.4
A62: 48 | B62: 2.2.3 | C62: 1116263 | D62: SICRO | E62: CONCRETO PARA BOMBEAMENTO FCK = 25 MPA - CONFECÇÃO EM CENTRAL DOSADORA - AREIA E BRITA COMERCIAIS | F62: SERV | G62: m³ | H62: 14 | I62: =VLOOKUP(A62,CPU!A:P,11,0) -> 428.22 | J62: =TRUNC(IF(F62="SERV",I62*(1+$L$5),$L$6*I62),2) -> 540.15 | K62: =TRUNC(H62*I62,2) -> 5995.08 | L62: =TRUNC(H62*J62,2) -> 7562.1
A63: 49 | B63: 2.2.4 | C63: 1116264 | D63: SICRO | E63: CONCRETO PARA BOMBEAMENTO FCK = 30 MPA - CONFECÇÃO EM CENTRAL DOSADORA - AREIA E BRITA COMERCIAIS | F63: SERV | G63: m³ | H63: 50 | I63: =VLOOKUP(A63,CPU!A:P,11,0) -> 444.89 | J63: =TRUNC(IF(F63="SERV",I63*(1+$L$5),$L$6*I63),2) -> 561.18 | K63: =TRUNC(H63*I63,2) -> 22244.5 | L63: =TRUNC(H63*J63,2) -> 28059
A64: 50 | B64: 2.2.5 | C64: 1116265 | D64: SICRO | E64: CONCRETO PARA BOMBEAMENTO FCK = 35 MPA - CONFECÇÃO EM CENTRAL DOSADORA - AREIA E BRITA COMERCIAIS | F64: SERV | G64: m³ | H64: 180 | I64: =VLOOKUP(A64,CPU!A:P,11,0) -> 466.3 | J64: =TRUNC(IF(F64="SERV",I64*(1+$L$5),$L$6*I64),2) -> 588.19 | K64: =TRUNC(H64*I64,2) -> 83934 | L64: =TRUNC(H64*J64,2) -> 105874.2
A65: 51 | B65: 2.2.6 | C65: 1107860 | D65: SICRO | E65: LANÇAMENTO MECÂNICO DE CONCRETO COM BOMBA | F65: SERV | G65: m³ | H65: 230 | I65: =VLOOKUP(A65,CPU!A:P,11,0) -> 63.98 | J65: =TRUNC(IF(F65="SERV",I65*(1+$L$5),$L$6*I65),2) -> 80.7 | K65: =TRUNC(H65*I65,2) -> 14715.4 | L65: =TRUNC(H65*J65,2) -> 18561
A66: 52 | B66: 2.2.7 | C66: 1106087 | D66: SICRO | E66: LANÇAMENTO MANUAL DE CONCRETO | F66: SERV | G66: m³ | H66: 14 | I66: =VLOOKUP(A66,CPU!A:P,11,0) -> 56.32 | J66: =TRUNC(IF(F66="SERV",I66*(1+$L$5),$L$6*I66),2) -> 71.04 | K66: =TRUNC(H66*I66,2) -> 788.48 | L66: =TRUNC(H66*J66,2) -> 994.56
A67: 53 | B67: 2.2.8 | C67: 0407819 | D67: SICRO | E67: ARMAÇÃO EM AÇO CA-50 - FORNECIMENTO, PREPARO E COLOCAÇÃO | F67: SERV | G67: kg | H67: 35000 | I67: =VLOOKUP(A67,CPU!A:P,11,0) -> 12.35 | J67: =TRUNC(IF(F67="SERV",I67*(1+$L$5),$L$6*I67),2) -> 15.57 | K67: =TRUNC(H67*I67,2) -> 432250 | L67: =TRUNC(H67*J67,2) -> 544950
A68: 119 | B68: 2.2.9 | C68: 0407819a | D68: SICRO | E68: ARMAÇÃO EM AÇO CA-50 - EXCLUSIVE FORNECIMENTO, CORTE E DOBRA | F68: SERV | G68: kg | H68: 7000 | I68: =VLOOKUP(A68,CPU!A:P,11,0) -> 5.45 | J68: =TRUNC(IF(F68="SERV",I68*(1+$L$5),$L$6*I68),2) -> 6.87 | K68: =TRUNC(H68*I68,2) -> 38150 | L68: =TRUNC(H68*J68,2) -> 48090
A69: 54 | B69: 2.2.10 | C69: 1108055 | D69: SICRO | E69: ARGAMASSA AUTOADENSÁVEL PARA GRAUTEAMENTO - CONFECÇÃO E LANÇAMENTO MANUAL | F69: SERV | G69: m³ | H69: 1 | I69: =VLOOKUP(A69,CPU!A:P,11,0) -> 3582.27 | J69: =TRUNC(IF(F69="SERV",I69*(1+$L$5),$L$6*I69),2) -> 4518.67 | K69: =TRUNC(H69*I69,2) -> 3582.27 | L69: =TRUNC(H69*J69,2) -> 4518.67
A70: 54.5 | B70: 2.2.11 | C70: 0307084 | D70: SICRO | E70: LÁBIOS POLIMÉRICOS EM JUNTA DE PAVIMENTO DE CONCRETO - L=20MM E H=30MM - CONFECÇÃO E ASSENTAMENTO | F70: SERV | G70: m | H70: 42 | I70: =VLOOKUP(A70,CPU!A:P,11,0) -> 31.71 | J70: =TRUNC(IF(F70="SERV",I70*(1+$L$5),$L$6*I70),2) -> 39.99 | K70: =TRUNC(H70*I70,2) -> 1331.82 | L70: =TRUNC(H70*J70,2) -> 1679.58
A71: 55 | B71: 2.2.12 | C71: 0307735 | D71: SICRO | E71: JUNTA DE DILATAÇÃO EM ELASTÔMERO E PERFIL VV - L = 35MM E H = 60MM - FORNECIMENTO E INSTALAÇÃO | F71: SERV | G71: m | H71: 21 | I71: =VLOOKUP(A71,CPU!A:P,11,0) -> 452.98 | J71: =TRUNC(IF(F71="SERV",I71*(1+$L$5),$L$6*I71),2) -> 571.38 | K71: =TRUNC(H71*I71,2) -> 9512.58 | L71: =TRUNC(H71*J71,2) -> 11998.98
A72: 56 | B72: 2.2.13 | C72: 307732 | D72: SICRO | E72: APARELHO DE APOIO DE NEOPRENE FRETADO PARA ESTRUTURAS PRÉ-MOLDADAS - FORNECIMENTO E INSTALAÇÃO | F72: SERV | G72: dm³ | H72: 46 | I72: =VLOOKUP(A72,CPU!A:P,11,0) -> 125.33 | J72: =TRUNC(IF(F72="SERV",I72*(1+$L$5),$L$6*I72),2) -> 158.09 | K72: =TRUNC(H72*I72,2) -> 5765.18 | L72: =TRUNC(H72*J72,2) -> 7272.14
A73: 57 | B73: 2.2.14 | C73: 4507956 | D73: SICRO | E73: CORDOALHA CP 190 RB D = 12,7MM - FORNECIMENTO E INSTALAÇÃO | F73: SERV | G73: kg | H73: 5600 | I73: =VLOOKUP(A73,CPU!A:P,11,0) -> 10.49 | J73: =TRUNC(IF(F73="SERV",I73*(1+$L$5),$L$6*I73),2) -> 13.23 | K73: =TRUNC(H73*I73,2) -> 58744 | L73: =TRUNC(H73*J73,2) -> 74088
A74: 58 | B74: 2.2.15 | C74: 4507755 | D74: SICRO | E74: ANCORAGEM ATIVA COM 12 CORDOALHAS ADERENTES D = 12,7MM - FORNECIMENTO E INSTALAÇÃO | F74: SERV | G74: unid. | H74: 32 | I74: =VLOOKUP(A74,CPU!A:P,11,0) -> 987.02 | J74: =TRUNC(IF(F74="SERV",I74*(1+$L$5),$L$6*I74),2) -> 1245.02 | K74: =TRUNC(H74*I74,2) -> 31584.64 | L74: =TRUNC(H74*J74,2) -> 39840.64
A75: 59 | B75: 2.2.16 | C75: 4507835 | D75: SICRO | E75: BAINHA METÁLICA REDONDA D = 65MM PARA 12 CORDOALHAS D = 12,7MM - FORNECIMENTO, INSTALAÇÃO E INJEÇÃO DE NATA DE CIMENTO | F75: SERV | G75: m | H75: 560 | I75: =VLOOKUP(A75,CPU!A:P,11,0) -> 36.35 | J75: =TRUNC(IF(F75="SERV",I75*(1+$L$5),$L$6*I75),2) -> 45.85 | K75: =TRUNC(H75*I75,2) -> 20356 | L75: =TRUNC(H75*J75,2) -> 25676
A76: 60 | B76: 2.2.17 | C76: 3806421 + 5915401a | D76: SICRO | E76: CARGA, DESCARGA, MANOBRA E LANÇAMENTO DE VIGA METÁLICA OU PRÉ-MOLDADA DE ATÉ 750KN COM UTILIZAÇÃO DE GUINDASTES E CAVALO MECÂNICO COM REBOQUES DE 5 E 4 EIXOS COM CAPACIDADE DE 130T CADA | F76: SERV | G76: unid. | H76: 4 | I76: =VLOOKUP(A76,CPU!A:P,11,0) -> 10934.56 | J76: =TRUNC(IF(F76="SERV",I76*(1+$L$5),$L$6*I76),2) -> 13792.85 | K76: =TRUNC(H76*I76,2) -> 43738.24 | L76: =TRUNC(H76*J76,2) -> 55171.4
A77: 61 | B77: 2.2.18 | C77: 3806426 | D77: SICRO | E77: LANÇAMENTO DE PRÉ-LAJE E PLACAS PRÉ-MOLDADAS COM UTILIZAÇÃO DE GUINDAUTO | F77: SERV | G77: ton | H77: 72 | I77: =VLOOKUP(A77,CPU!A:P,11,0) -> 63.25 | J77: =TRUNC(IF(F77="SERV",I77*(1+$L$5),$L$6*I77),2) -> 79.78 | K77: =TRUNC(H77*I77,2) -> 4554 | L77: =TRUNC(H77*J77,2) -> 5744.16
... A86: 67 | B86: 2.2.27 | C86: 3719529 | D86: SICRO | E86: BARREIRA SIMPLES DE CONCRETO ARMADO, PRÉ-MOLDADA | F86: SERV | G86: m | H86: 90 | I86: =VLOOKUP(A86,CPU!A:P,11,0) -> 199.59 | J86: =TRUNC(IF(F86="SERV",I86*(1+$L$5),$L$6*I86),2) -> 251.76 | K86: =TRUNC(H86*I86,2) -> 17963.1 | L86: =TRUNC(H86*J86,2) -> 22658.4
A87: B3 | B87: 2.3 | C87: 0 | D87: 0 | E87: TERRAPLANAGEM E PAVIMENTAÇÃO ASFÁLTICA
A88: 70 | B88: 2.3.1 | C88: 5501906 | D88: SICRO | E88: ESCAVAÇÃO, CARGA E TRANSPORTE DE MATERIAL DE 1A CATEGORIA - DMT DE 1.000 A 1.200M - CAMINHO DE SERVIÇO EM REVESTIMENTO PRIMÁRIO | F88: SERV | G88: m³ | H88: 9000 | I88: =VLOOKUP(A88,CPU!A:P,11,0) -> 12.46 | J88: =TRUNC(IF(F88="SERV",I88*(1+$L$5),$L$6*I88),2) -> 15.71 | K88: =TRUNC(H88*I88,2) -> 112140 | L88: =TRUNC(H88*J88,2) -> 141390
A89: 71 | B89: 2.3.2 | C89: 5503041 | D89: SICRO | E89: COMPACTAÇÃO DE ATERROS A 100% DO PROCTOR NORMAL | F89: SERV | G89: m³ | H89: 8400 | I89: =VLOOKUP(A89,CPU!A:P,11,0) -> 6.57 | J89: =TRUNC(IF(F89="SERV",I89*(1+$L$5),$L$6*I89),2) -> 8.28 | K89: =TRUNC(H89*I89,2) -> 55188 | L89: =TRUNC(H89*J89,2) -> 69552
A90: 72 | B90: 2.3.3 | C90: 4011227 | D90: SICRO | E90: SUB-BASE DE SOLO ESTABILIZADO GRANULOMETRICAMENTE SEM MISTURA COM MATERIAL DE JAZIDA - 100% PROCTOR INTERMEDIÁRIO | F90: SERV | G90: m³ | H90: 400 | I90: =VLOOKUP(A90,CPU!A:P,11,0) -> 15.35 | J90: =TRUNC(IF(F90="SERV",I90*(1+$L$5),$L$6*I90),2) -> 19.36 | K90: =TRUNC(H90*I90,2) -> 6140 | L90: =TRUNC(H90*J90,2) -> 7744
A91: 73 | B91: 2.3.4 | C91: 4011219 | D91: SICRO | E91: BASE DE SOLO ESTABILIZADO GRANULOMETRICAMENTE SEM MISTURA COM MATERIAL DE JAZIDA - 100% PROCTOR MODIFICADO | F91: SERV | G91: m³ | H91: 400 | I91: =VLOOKUP(A91,CPU!A:P,11,0) -> 16.77 | J91: =TRUNC(IF(F91="SERV",I91*(1+$L$5),$L$6*I91),2) -> 21.15 | K91: =TRUNC(H91*I91,2) -> 6708 | L91: =TRUNC(H91*J91,2) -> 8460
A92: 74 | B92: 2.3.5 | C92: 4011352 | D92: SICRO | E92: IMPRIMAÇÃO COM EMULSÃO ASFÁLTICA (EAI) | F92: SERV | G92: m² | H92: 2700 | I92: =VLOOKUP(A92,CPU!A:P,11,0) -> 0.62 | J92: =TRUNC(IF(F92="SERV",I92*(1+$L$5),$L$6*I92),2) -> 0.78 | K92: =TRUNC(H92*I92,2) -> 1674 | L92: =TRUNC(H92*J92,2) -> 2106
A93: 75 | B93: 2.3.6 | C93: 4011353 | D93: SICRO | E93: PINTURA DE LIGAÇÃO | F93: SERV | G93: m² | H93: 3000 | I93: =VLOOKUP(A93,CPU!A:P,11,0) -> 0.43 | J93: =TRUNC(IF(F93="SERV",I93*(1+$L$5),$L$6*I93),2) -> 0.54 | K93: =TRUNC(H93*I93,2) -> 1290 | L93: =TRUNC(H93*J93,2) -> 1620
A94: 76 | B94: 2.3.7 | C94: 4011464 | D94: SICRO | E94: CONCRETO ASFÁLTICO FAIXA C - MASSA COMERCIAL | F94: SERV | G94: ton | H94: 390 | I94: =VLOOKUP(A94,CPU!A:P,11,0) -> 21.1 | J94: =TRUNC(IF(F94="SERV",I94*(1+$L$5),$L$6*I94),2) -> 26.61 | K94: =TRUNC(H94*I94,2) -> 8229 | L94: =TRUNC(H94*J94,2) -> 10377.9
A95: 77 | B95: 2.3.8 | C95: 5914610 | D95: SICRO | E95: CARGA, MANOBRA E DESCARGA DE MISTURA BETUMINOSA A QUENTE EM CAMINHÃO COM CAÇAMBA TÉRMICA - CARGA EM USINA DE ASFALTO E DESCARGA MANUAL | F95: SERV | G95: ton | H95: 390 | I95: =VLOOKUP(A95,CPU!A:P,11,0) -> 28.49 | J95: =TRUNC(IF(F95="SERV",I95*(1+$L$5),$L$6*I95),2) -> 35.93 | K95: =TRUNC(H95*I95,2) -> 11111.1 | L95: =TRUNC(H95*J95,2) -> 14012.7
A96: 78 | B96: 2.3.9 | C96: 5914612 | D96: SICRO | E96: TRANSPORTE DE MISTURA BETUMINOSA A QUENTE COM CAMINHÃO CAÇAMBA TÉRMICA - RODOVIA PAVIMENTADA | F96: SERV | G96: txkm | H96: 48000 | I96: =VLOOKUP(A96,CPU!A:P,11,0) -> 0.9 | J96: =TRUNC(IF(F96="SERV",I96*(1+$L$5),$L$6*I96),2) -> 1.13 | K96: =TRUNC(H96*I96,2) -> 43200 | L96: =TRUNC(H96*J96,2) -> 54240
A97: 79 | B97: 2.3.10 | C97: 5914613 | D97: SICRO | E97: TRANSPORTE DE MISTURA BETUMINOSA A QUENTE COM CAMINHÃO CAÇAMBA TÉRMICA - RODOVIA EM REVESTIMENTO PRIMÁRIO | F97: SERV | G97: txkm | H97: 5800 | I97: =VLOOKUP(A97,CPU!A:P,11,0) -> 1.1 | J97: =TRUNC(IF(F97="SERV",I97*(1+$L$5),$L$6*I97),2) -> 1.38 | K97: =TRUNC(H97*I97,2) -> 6380 | L97: =TRUNC(H97*J97,2) -> 8004
A98: 80 | B98: 2.3.11 | C98: 5914622 | D98: SICRO | E98: TRANSPORTE DE MATERIAL BETUMINOSO COM CAMINHÃO TANQUE DISTRIBUIDOR - RODOVIA PAVIMENTADA | F98: SERV | G98: txkm | H98: 1800 | I98: =VLOOKUP(A98,CPU!A:P,11,0) -> 2.24 | J98: =TRUNC(IF(F98="SERV",I98*(1+$L$5),$L$6*I98),2) -> 2.82 | K98: =TRUNC(H98*I98,2) -> 4032 | L98: =TRUNC(H98*J98,2) -> 5076
A99: 81 | B99: 2.3.12 | C99: 5914621 | D99: SICRO | E99: TRANSPORTE DE MATERIAL BETUMINOSO COM CAMINHÃO TANQUE DISTRIBUIDOR - RODOVIA EM REVESTIMENTO PRIMÁRIO | F99: SERV | G99: txkm | H99: 80 | I99: =VLOOKUP(A99,CPU!A:P,11,0) -> 2.73 | J99: =TRUNC(IF(F99="SERV",I99*(1+$L$5),$L$6*I99),2) -> 3.44 | K99: =TRUNC(H99*I99,2) -> 218.4 | L99: =TRUNC(H99*J99,2) -> 275.2
... A101: 83 | B101: 2.3.14 | C101: 5915320 | D101: SICRO | E101: TRANSPORTE COM CAMINHÃO BASCULANTE - RODOVIA EM REVESTIMENTO PRIMÁRIO | F101: SERV | G101: txkm | H101: 72000 | I101: =VLOOKUP(A101,CPU!A:P,11,0) -> 0.75 | J101: =TRUNC(IF(F101="SERV",I101*(1+$L$5),$L$6*I101),2) -> 0.94 | K101: =TRUNC(H101*I101,2) -> 54000 | L101: =TRUNC(H101*J101,2) -> 67680
A102: B4 | B102: 2.4 | C102: 0 | D102: 0 | E102: SINALIZAÇÃO E OBRAS COMPLEMENTARES
A103: 85 | B103: 2.4.1 | C103: 3713608 | D103: SICRO | E103: CERCA COM 4 FIOS DE ARAME FARPADO E MOURÃO DE MADEIRA A CADA 2,5M, ESTICADOR A CADA 50M | F103: SERV | G103: m | H103: 560 | I103: =VLOOKUP(A103,CPU!A:P,11,0) -> 23 | J103: =TRUNC(IF(F103="SERV",I103*(1+$L$5),$L$6*I103),2) -> 29.01 | K103: =TRUNC(H103*I103,2) -> 12880 | L103: =TRUNC(H103*J103,2) -> 16245.6
A104: 86 | B104: 2.4.2 | C104: 3713604 | D104: SICRO | E104: DEFENSA SEMIMALEÁVEL SIMPLES - FORNECIMENTO E IMPLANTAÇÃO | F104: SERV | G104: m | H104: 275 | I104: =VLOOKUP(A104,CPU!A:P,11,0) -> 331.88 | J104: =TRUNC(IF(F104="SERV",I104*(1+$L$5),$L$6*I104),2) -> 418.63 | K104: =TRUNC(H104*I104,2) -> 91267 | L104: =TRUNC(H104*J104,2) -> 115123.25
A105: 87 | B105: 2.4.3 | C105: 3713605 | D105: SICRO | E105: ANCORAGEM DE DEFENSA SEMIMALEÁVEL SIMPLES - FORNECIMENTO E IMPLANTAÇÃO | F105: SERV | G105: m | H105: 32 | I105: =VLOOKUP(A105,CPU!A:P,11,0) -> 392.66 | J105: =TRUNC(IF(F105="SERV",I105*(1+$L$5),$L$6*I105),2) -> 495.3 | K105: =TRUNC(H105*I105,2) -> 12565.12 | L105: =TRUNC(H105*J105,2) -> 15849.6
A106: 88 | B106: 2.4.4 | C106: 3713690 | D106: SICRO | E106: TERMINAL DE ANCORAGEM DE DEFENSA METÁLICA EM BARREIRA DE CONCRETO, TIPO D - FORNECIMENTO E IMPLANTAÇÃO | F106: SERV | G106: unid. | H106: 4 | I106: =VLOOKUP(A106,CPU!A:P,11,0) -> 501.13 | J106: =TRUNC(IF(F106="SERV",I106*(1+$L$5),$L$6*I106),2) -> 632.12 | K106: =TRUNC(H106*I106,2) -> 2004.52 | L106: =TRUNC(H106*J106,2) -> 2528.48
A107: 89 | B107: 2.4.5 | C107: 5213477a | D107: SICRO | E107: PLACA DELINEADORA EM AÇO - 80MM X 72MM - PELÍCULA RETROREFLETIVA TIPO I + IV - FORNECIMENTO E IMPLANTAÇÃO | F107: SERV | G107: unid. | H107: 36 | I107: =VLOOKUP(A107,CPU!A:P,11,0) -> 73.77 | J107: =TRUNC(IF(F107="SERV",I107*(1+$L$5),$L$6*I107),2) -> 93.05 | K107: =TRUNC(H107*I107,2) -> 2655.72 | L107: =TRUNC(H107*J107,2) -> 3349.8
A108: 90 | B108: 2.4.6 | C108: 5213572 | D108: SICRO | E108: PLACA EM AÇO Nº 16 GALVANIZADO COM PELÍCULA RETRORREFLETIVA TIPO III + III - FORNECIMENTO E INSTALAÇÃO | F108: SERV | G108: m² | H108: 1.5 | I108: =VLOOKUP(A108,CPU!A:P,11,0) -> 583.76 | J108: =TRUNC(IF(F108="SERV",I108*(1+$L$5),$L$6*I108),2) -> 736.35 | K108: =TRUNC(H108*I108,2) -> 875.64 | L108: =TRUNC(H108*J108,2) -> 1104.52
A109: 91 | B109: 2.4.7 | C109: 5216111 | D109: SICRO | E109: SUPORTE PARA PLACA DE SINALIZAÇÃO EM MADEIRA DE LEI TRATADA 8 X 8CM - FORNECIMENTO E INSTALAÇÃO | F109: SERV | G109: unid. | H109: 4 | I109: =VLOOKUP(A109,CPU!A:P,11,0) -> 134.74 | J109: =TRUNC(IF(F109="SERV",I109*(1+$L$5),$L$6*I109),2) -> 169.96 | K109: =TRUNC(H109*I109,2) -> 538.96 | L109: =TRUNC(H109*J109,2) -> 679.84
A110: 92 | B110: 2.4.8 | C110: 5213408 | D110: SICRO | E110: PINTURA DE FAIXA COM TERMOPLÁSTICO POR ASPERSÃO - ESPESSURA 1,5MM | F110: SERV | G110: m² | H110: 120 | I110: =VLOOKUP(A110,CPU!A:P,11,0) -> 47.07 | J110: =TRUNC(IF(F110="SERV",I110*(1+$L$5),$L$6*I110),2) -> 59.37 | K110: =TRUNC(H110*I110,2) -> 5648.4 | L110: =TRUNC(H110*J110,2) -> 7124.4
...

Sheet CPU
A1: 1 | B1: 1ª/GRD | K1: =J42 -> 475629.65
B2: OBRA: | C2: EXECUÇÃO DAS OBRAS E SERVIÇOS DE CONSTRUÇÃO DE PONTES E GALERIAS, INCLUINDO A CONCLUSÃO DE ESTRUTURAS JÁ INICIADAS, LOCALIZADAS NA ÁREA DA BARRAGEM DE APROVEITAMENTO MÚLTIPLO JEQUITAÍ I, NO MUNICÍPIO DE FRANCISCO DUMONT, NO ESTADO DE MINAS GERAIS - ITEM 1: PONTES A e B
B3: Custo Unitário de Referência | E3: Minas Gerais
E4: Abril/2025 | H4: Produção da equipe | I4: 1 | J4: =VLOOKUP(A1,ORÇAMENTO!A:L,7,0) -> unid.
B5: CA0001 | C5: ADMINISTRAÇÃO LOCAL E MANUTENÇÃO DO CANTEIRO DE OBRAS | I5: Valores em reais (R$)
B6: A - EQUIPAMENTOS | D6: Quantidade | E6: Utilização | G6: Custo Horário | J6: Custo
E7: Operativa | F7: Improdutiva | G7: Produtivo | H7: Improdutivo | J7: Horário Total
B8: 92138 | C8: Caminhonete a diesel, cabine dupla, 4x4 | D8: 1408 | E8: 0.25 | F8: 0.75 | G8: 100.83 | H8: 49.73 | J8: =D8*(E8*G8+F8*H8) -> 88007.04
B9: E9125 | C9: Veículo tipo van furgão com capacidade de 1,38 t - 100 kW | D9: 704 | E9: 0.12 | F9: 0.88 | G9: 87.3357 | H9: 47.8998 | J9: =D9*(E9*G9+F9*H9) -> 37053.004
H10: Custo horário total de equipamentos | J10: =SUM(J8:J9) -> 125060.04
B11: B - MÃO DE OBRA | D11: Quantidade | E11: Unidade | G11: Custo Horário | H11: Custo Horário Total
B12: P9812 | C12: Engenheiro - mensalista | D12: 1.9997865 | E12: mês | G12: 26982.613 | J12: =D12*G12 -> 53959.465
B13: P9876 | C13: Técnico de segurança do trabalho - mensalista | D13: 8 | E13: mês | G13: 8251.9033 | J13: =D13*G13 -> 66015.226
B14: P9840 | C14: Encarregado geral - mensalista | D14: 4 | E14: mês | G14: 13706.442 | J14: =D14*G14 -> 54825.767
B15: P9811 | C15: Encarregado especializado - mensalista | D15: 8 | E15: mês | G15: 9586.3796 | J15: =D15*G15 -> 76691.037
B16: P9806 | C16: Auxiliar administrativo - mensalista | D16: 8 | E16: mês | G16: 4706.5969 | J16: =D16*G16 -> 37652.775
B17: P9858 | C17: Laboratorista - mensalista | D17: 4 | E17: mês | G17: 6549.5189 | J17: =D17*G17 -> 26198.076
B18: P9833 | C18: Auxiliar de laboratório - mensalista | D18: 4 | E18: mês | G18: 6450.1136 | J18: =D18*G18 -> 25800.454
D19: Custo horário total de mão de obra | J19: =SUM(J12:J18) -> 341142.8
D20: Custo horário total de execução | J20: =J10+J19 -> 466202.84
D21: Custo unitário de execução | J21: =J20/I4 -> 466202.84
H22: Custo do FIC | J22: 0
H23: Custo do FIT | J23: 0
B24: C - MATERIAL | D24: Quantidade | E24: Unidade | G24: Preço Unitário | H24: Custo Unitário
B25: - | C25: 0 | E25: - | G25: 0 | J25: =D25*G25 -> 0
B26: - | C26: 0 | E26: - | G26: 0 | J26: =D26*G26 -> 0
D27: Custo unitário total de material | J27: =SUM(J25:J26) -> 0
B28: D - ATIVIDADES AUXILIARES | D28: Quantidade | E28: Unidade | G28: Custo Unitário | H28: Custo Unitário
B29: B8957 | C29: Cesta das instalações - Laboretório de Solos e Concreto (simplificado - ensaios in situ e amostras) | D29: 4 | E29: mês | G29: 842.15167 | J29: =D29*G29 -> 3368.6067
B30: SBC 008823 | C30: Ensaio de resistência a compressão simples - concreto | D30: 60 | E30: unid. | G30: 100.97 | J30: =D30*G30 -> 6058.2
D31: Custo total de atividades auxiliares | J31: =SUM(J29:J30) -> 9426.8067
H32: Subtotal | J32: =J21+J27+J31+J22+J23 -> 475629.65
B33: E - TEMPO FIXO | D33: Código | E33: Quantidade | F33: Unidade | H33: Custo Unitário | I33: Custo Unitário
B34: - | C34: 0 | D34: - | F34: 0 | H34: 0 | J34: =ROUNDDOWN(E34*H34,4) -> 0
B35: - | C35: 0 | D35: - | F35: 0 | H35: 0 | J35: =ROUNDDOWN(E35*H35,4) -> 0
D36: Custo unitário total de tempo fixo | J36: =SUM(J34:J35) -> 0
B37: F - MOMENTO DE TRANSPORTE | D37: Quantidade | E37: Unidade | F37: DMT | J37: Custo Unitário
F38: LN | G38: RP | H38: P
B39: - | C39: 0 | E39: tkm
B40: - | C40: 0 | E40: tkm
D41: Custo unitário total de transporte
F42: Custo unitário direto total | J42: =TRUNC(J32+J36,2) -> 475629.65
B43: Obs.
A45: 2 | B45: 1ª/GRD | K45: =J82 -> 14376.92
B46: OBRA: | C46: EXECUÇÃO DAS OBRAS E SERVIÇOS DE CONSTRUÇÃO DE PONTES E GALERIAS, INCLUINDO A CONCLUSÃO DE ESTRUTURAS JÁ INICIADAS, LOCALIZADAS NA ÁREA DA BARRAGEM DE APROVEITAMENTO MÚLTIPLO JEQUITAÍ I, NO MUNICÍPIO DE FRANCISCO DUMONT, NO ESTADO DE MINAS GERAIS - ITEM 1: PONTES A e B
B47: Custo Unitário de Referência | E47: Minas Gerais
E48: Abril/2025 | H48: Produção da equipe | I48: 0.5 | J48: =VLOOKUP(A45,ORÇAMENTO!A:L,7,0) -> unid.
B49: CA0002 | C49: MOBILIZAÇÃO E DESMOBILIZAÇÃO DE PESSOAL E EQUIPAMENTOS AUTOPROPELIDOS | I49: Valores em reais (R$)
B50: A - EQUIPAMENTOS | D50: Quantidade | E50: Utilização | G50: Custo Horário | J50: Custo
E51: Operativa | F51: Improdutiva | G51: Produtivo | H51: Improdutivo | J51: Horário Total
B52: E9041 | C52: Caminhão guindauto com capacidade de elevação de 11,9 t e carroceria de 11,5 t - 188 kW | D52: 8 | E52: 0.5 | F52: 0.5 | G52: 397.6644 | H52: 122.861 | J52: =D52*(E52*G52+F52*H52) -> 2082.1016
B53: E9667 | C53: Caminhão basculante com capacidade de 14 m³ - 210 kW | D53: 16 | E53: 0.8 | F53: 0.2 | G53: 322.6656 | H53: 97.3406 | J53: =D53*(E53*G53+F53*H53) -> 4441.6096
B54: E9125 | C54: Veículo tipo van furgão com capacidade de 1,38 t - 100 kW | D54: 4 | E54: 0.8 | F54: 0.2 | G54: 87.3357 | H54: 47.8998 | J54: =D54*(E54*G54+F54*H54) -> 317.79408
H55: Custo horário total de equipamentos | J55: =SUM(J52:J54) -> 6841.5053
B56: B - MÃO DE OBRA | D56: Quantidade | E56: Unidade | G56: Custo Horário | H56: Custo Horário Total
B57: P9824 | C57: Servente | D57: 16 | E57: h | G57: 21.6849 | J57: =D57*G57 -> 346.9584
B58: - | C58: 0 | E58: 0 | G58: 0 | J58: =D58*G58 -> 0
D59: Custo horário total de mão de obra | J59: =SUM(J57:J58) -> 346.9584
D60: Custo horário total de execução | J60: =J55+J59 -> 7188.4637
D61: Custo unitário de execução | J61: =J60/I48 -> 14376.927
H62: Custo do FIC | J62: 0
H63: Custo do FIT | J63: 0
B64: C - MATERIAL | D64: Quantidade | E64: Unidade | G64: Preço Unitário | H64: Custo Unitário
B65: - | C65: 0 | E65: - | G65: 0 | J65: =D65*G65 -> 0
B66: - | C66: 0 | E66: - | G66: 0 | J66: =D66*G66 -> 0
D67: Custo unitário total de material | J67: =SUM(J65:J66) -> 0
B68: D - ATIVIDADES AUXILIARES | D68: Quantidade | E68: Unidade | G68: Custo Unitário | H68: Custo Unitário
B69: - | C69: 0 | E69: 0 | G69: 0 | J69: =D69*G69 -> 0
B70: - | C70: 0 | E70: 0 | G70: 0 | J70: =D70*G70 -> 0
D71: Custo total de atividades auxiliares | J71: =SUM(J69:J70) -> 0
H72: Subtotal | J72: =J61+J67+J71+J62+J63 -> 14376.927
B73: E - TEMPO FIXO | D73: Código | E73: Quantidade | F73: Unidade | H73: Custo Unitário | I73: Custo Unitário
B74: - | C74: 0 | D74: - | F74: 0 | H74: 0 | J74: =ROUNDDOWN(E74*H74,4) -> 0
B75: - | C75: 0 | D75: - | F75: 0 | H75: 0 | J75: =ROUNDDOWN(E75*H75,4) -> 0
D76: Custo unitário total de tempo fixo | J76: =SUM(J74:J75) -> 0
B77: F - MOMENTO DE TRANSPORTE | D77: Quantidade | E77: Unidade | F77: DMT | J77: Custo Unitário
F78: LN | G78: RP | H78: P
B79: - | C79: 0 | E79: tkm
B80: - | C80: 0 | E80: tkm
D81: Custo unitário total de transporte
F82: Custo unitário direto total | J82: =TRUNC(J72+J76,2) -> 14376.92
B83: Obs.
A85: 2.5 | B85: 1ª/GRD | K85: =J121 -> 60800.17
B86: OBRA: | C86: EXECUÇÃO DAS OBRAS E SERVIÇOS DE CONSTRUÇÃO DE PONTES E GALERIAS, INCLUINDO A CONCLUSÃO DE ESTRUTURAS JÁ INICIADAS, LOCALIZADAS NA ÁREA DA BARRAGEM DE APROVEITAMENTO MÚLTIPLO JEQUITAÍ I, NO MUNICÍPIO DE FRANCISCO DUMONT, NO ESTADO DE MINAS GERAIS - ITEM 1: PONTES A e B
B87: Custo Unitário de Referência | E87: Minas Gerais
E88: Abril/2025 | H88: Produção da equipe | I88: 0.5 | J88: =VLOOKUP(A85,ORÇAMENTO!A:L,7,0) -> unid.
B89: CA0003 | C89: MOBILIZAÇÃO E DESMOBILIZAÇÃO DE GUINDASTES ESPECIAIS PARA LANÇAMENTO DAS VIGAS PRÉ-MOLDADAS | I89: Valores em reais (R$)
B90: A - EQUIPAMENTOS | D90: Quantidade | E90: Utilização | G90: Custo Horário | J90: Custo
E91: Operativa | F91: Improdutiva | G91: Produtivo | H91: Improdutivo | J91: Horário Total
B92: - | C92: 0 | D92: 8 | E92: 0.5 | F92: 0.5 | G92: 0 | H92: 0 | J92: =D92*(E92*G92+F92*H92) -> 0
B93: - | C93: 0 | D93: 4 | E93: 0.8 | F93: 0.2 | G93: 0 | H93: 0 | J93: =D93*(E93*G93+F93*H93) -> 0
H94: Custo horário total de equipamentos | J94: =SUM(J92:J93) -> 0
B95: B - MÃO DE OBRA | D95: Quantidade | E95: Unidade | G95: Custo Horário | H95: Custo Horário Total
B96: - | C96: 0 | D96: 16 | E96: 0 | G96: 0 | J96: =D96*G96 -> 0
B97: - | C97: 0 | E97: 0 | G97: 0 | J97: =D97*G97 -> 0
D98: Custo horário total de mão de obra | J98: =SUM(J96:J97) -> 0
D99: Custo horário total de execução | J99: =J94+J98 -> 0
D100: Custo unitário de execução | J100: =J99/I88 -> 0
H101: Custo do FIC | J101: 0
H102: Custo do FIT | J102: 0
...

Sheet AUX-VEIC
A5: Composição de Preços de Locação de Veículo tipo pick-up
B6: Data de atualização: | C6: 46064
A7: CODEVASF
A8: OBS: Preço sem BDI e sem motorista BDI=
A9: Veículo tipo pick-up, cabine dupla - 2.0 16V 4x4 diesel Aut.
B10: Custo Mensal (R$): | C10: 4448.0572
B11: Custo Diária (R$): | C11: 202.18442
B12: Custo Horário (R$): | C12: 25.273052
A13: A | B13: Depreciação mensal do equipamento
A14: A1 | B14: Preço de Aquisição | C14: 209327.5
A15: A2 | B15: Tempo previsto de vida útil (meses) | C15: 36
A16: A3 | B16: Previsão de recup. Na venda do bem usado | C16: 0.7
A17: A4 | B17: Custo mensal [A1-(A3xA1)]/A2 | C17: 1744.3958
A18: B | B18: Juros pelo Capital empregado
A19: B1 | B19: Taxa mensal de Juros * | C19: 0.011641575
A20: B2 | B20: Juros s/depreciação/aluguel (B1xA4) | C20: 20.307515
A21: C | B21: Conservação e manutenção ** | C21: 0.75
A22: C1 | B22: Taxa de gastos s/a deprec. Inc. seguros (%) | C22: 0.75
A23: C2 | B23: Incidência mensal (C1xA4) | C23: 1308.2969
A24: D | B24: Combustível
A25: D1 | B25: Média mensal de quilômetro por veículo | C25: 2000
A26: D2 | B26: Preço do litro de combustível | C26: 6.12
A27: D3 | B27: Quilômetros rodados com um litro combustivel | C27: 10
A28: D4 | B28: Combustivel (D1/D3)*D2 | C28: 1224
A29: E | B29: Lubrificantes
A30: E1 | B30: Quilometragem do Contrato (D1*12) | C30: 72000
A31: E2 | B31: Franquia por troca de óleo (km) | C31: 10000
A32: E3 | B32: Preço do litro de óleo | C32: 38.935
A33: E4 | B33: Quantidade de litros de óleo por troca | C33: 5
A34: E5 | B34: Quantidade de dias do Contrato | C34: 1095
A35: E6 | B35: Lubrificantes E = (E1*E3*E4*30)/E2*E5 | C35: 38.401644
A36: F | B36: Pneus
A37: F1 | B37: Quilometragem do Contrato | C37: 72000
A38: F2 | B38: Vida do Pneu em quilômetros | C38: 45000
A39: F3 | B39: Quantidade de pneus | C39: 5
A40: F4 | B40: Preço do Pneu | C40: 513.99
A41: F5 | B41: Quantidade de dias do contrato | C41: 1095
A42: F6 | B42: Pneus = (F1*F3*F4*30)/(F2*F5) | C42: 112.65534
A43: G | B43: Motorista
A44: G1 | B44: Salário com encargos sociais | C44: 5276.8743
A45: H | B45: Custo Mensal
B46: Sem Motorista (A4+B2+C2+D4+E6+F6) | C46: 4448.0572
B47: Com Motorista (A4+B2+C2+D4+E6+F6+G1) | C47: 9724.9315
A48: I | B48: Custo Direto p/ km Rodado
B49: Sem Motorista | C49: 2.2240286
B50: Com Motorista | C50: 4.8624658
A51: J | B51: Preço cobrado sem BDI | C51: 4448.0572
A52: J1 | B52: Sem Motorista | C52: 4448.0572
A53: J2 | B53: Com Motorista | C53: 9724.9315
B55: OBSERVAÇÕES:
A56: * | B56: Calculado com base na taxa SELIC JANEIRO/2026: | C56: 0.149
B57: Taxa de Juros Selic — Português (Brasil) (www.gov.br)
A58: ** | B58: Conservação e manutenção - é calculado com o uso de um coeficiente multiplicador "k", conforme tabela abaixo, sobre a
B59: depreciação mensal do equipamento (Item A da planilha de composição de preços). Os valores de K são fornecidos por
B60: fabricantes.
B61: Metodologia conforme a bibliografia "Como Preparar Orçamentos de Obras", 3 edição, Aldo Dórea Mattos, 2019.

Sheet BDI
A2: OBRA: CONSTRUÇÃO DE PONTES E GALERIAS, INCLUINDO A CONCLUSÃO DE ESTRUTURAS JÁ INICIADAS, LOCALIZADAS NA ÁREA DA BARRAGEM DE APROVEITAMENTO MÚLTIPLO JEQUITAÍ I
A3: LOCAL: Francisco Dumont - MG
A4: DATA BASE: Novembro / 2025
A5: DETALHAMENTO DO BDI - SEM DESONERAÇÃO
A6: EXECUÇÃO DAS OBRAS E SERVIÇOS DE CONSTRUÇÃO DE PONTES E GALERIAS, INCLUINDO A CONCLUSÃO DE ESTRUTURAS JÁ INICIADAS, LOCALIZADAS NA ÁREA DA BARRAGEM DE APROVEITAMENTO MÚLTIPLO JEQUITAÍ I, NO MUNICÍPIO DE FRANCISCO DUMONT, NO ESTADO DE MINAS GERAIS - ITEM 1: PONTES A e B
A7: DESCRIÇÃO DOS SERVIÇOS | B7: PREÇO DE VENDA (%) | C7: CUSTO DIRETO (%)
A8: ADMINISTRAÇÃO CENTRAL | C8: 0.06
A9: DESPESA FINANCEIRAS | B9: 0.0102
A10: SEGUROS E GARANTIAS CONTRATUAIS | B10: 0.0025
A11: RISCOS | B11: 0.005
A12: LUCRO OPERACIONAL | C12: 0.07
A13: PIS | B13: 0.0065
A14: COFINS | B14: 0.03
A15: ISSQN | B15: 0.05
A16: Contribuição Previdenciaria | B16: 0
B17: BDI | C17: 0.2614
A18: Observação: O percentual de ISSQN aqui utilizado consiste apenas em um referencial médio. O valor real do ISSQN a ser adotado deve ser aquele proveniente das alíquotas dos municípios situados na área de influência das obras.
A49: DETALHAMENTO DO BDI DIFERENCIADO - SEM DESONERAÇÃO
A50: EXECUÇÃO DAS OBRAS E SERVIÇOS DE CONSTRUÇÃO DE PONTES E GALERIAS, INCLUINDO A CONCLUSÃO DE ESTRUTURAS JÁ INICIADAS, LOCALIZADAS NA ÁREA DA BARRAGEM DE APROVEITAMENTO MÚLTIPLO JEQUITAÍ I, NO MUNICÍPIO DE FRANCISCO DUMONT, NO ESTADO DE MINAS GERAIS - ITEM 1: PONTES A e B
A52: DESCRIÇÃO DOS SERVIÇOS | B52: PREÇO DE VENDA (%) | C52: CUSTO DIRETO (%)
A53: ADMINISTRAÇÃO CENTRAL | C53: 0.0377
A54: DESPESA FINANCEIRAS | B54: 0.0102
A55: SEGUROS E GARANTIAS CONTRATUAIS | B55: 0.0025
A56: RISCOS | B56: 0.005
A57: LUCRO OPERACIONAL | C57: 0.05
A58: PIS | B58: 0.0065
A59: COFINS | B59: 0.03
A60: ISSQN | B60: 0
A61: Contribuição Previdenciaria | B61: 0
B62: BDI | C62: 0.15
A63: Fonte da composição, valores de referência e fórmula do BDI: Instrução Normativa N° 62/DNIT SEDE

Sheet CRONOG
B1: CRONOGRAMA FÍSICO-FINANCEIRO
B2: OBRA: | C2: EXECUÇÃO DAS OBRAS E SERVIÇOS DE CONSTRUÇÃO DE PONTES E GALERIAS, INCLUINDO A CONCLUSÃO DE ESTRUTURAS JÁ INICIADAS, LOCALIZADAS NA ÁREA DA BARRAGEM DE APROVEITAMENTO MÚLTIPLO JEQUITAÍ I, NO MUNICÍPIO DE FRANCISCO DUMONT, NO ESTADO DE MINAS GERAIS - ITEM 1: PONTES A e B | F2: VALOR: | G2: 5740065.8
F3: PRAZO: | G3: 240 DIAS
B5: ITEM | C5: ETAPAS/DESCRIÇAO | D5: FISICO/ FINANCEIRO | E5: TOTAL ETAPAS | F5: MÊS 1 | G5: MÊS 2 | H5: MÊS 3 | I5: MÊS 4 | J5: MÊS 5 | K5: MÊS 6 | L5: MÊS 7 | M5: MÊS 8 | N5: TOTAL
A6: A | B6: 1 | C6: MOBILIZAÇÃO E SERVIÇOS PRELIMINARES | D6: FISICO | E6: 0.2279 | F6: 0.16075713 | G6: 0.18000996 | H6: 0.24548576 | I6: 0.17921471 | J6: 0.11404573 | K6: 0.073315107 | L6: 0.024438372 | M6: 0.022733246 | N6: 1
D7: FINANCEIRO | E7: 1308027 | F7: 210274.66 | G7: 235457.89 | H7: 321102 | I7: 234417.68 | J7: 149174.89 | K7: 95898.14 | L7: 31966.05 | M7: 29735.7 | N7: 1308027
A8: A1 | B8: 1.1 | C8: CANTEIRO DE OBRAS | D8: FISICO | E8: 0.1856 | F8: 0.1 | G8: 0.13 | H8: 0.27 | I8: 0.22 | J8: 0.14 | K8: 0.09 | L8: 0.03 | M8: 0.02 | N8: 1
D9: FINANCEIRO | E9: 1065534.9 | F9: 106553.49 | G9: 138519.54 | H9: 287694.43 | I9: 234417.68 | J9: 149174.89 | K9: 95898.14 | L9: 31966.05 | M9: 21310.7 | N9: 1065534.9
A10: A2 | B10: 1.2 | C10: TRANSPORTE DE EQUIPAMENTOS | D10: FISICO | E10: 0.0029 | F10: 0.5 | M10: 0.5 | N10: 1
D11: FINANCEIRO | E11: 16850 | F11: 8425 | G11: 0 | H11: 0 | I11: 0 | J11: 0 | K11: 0 | L11: 0 | M11: 8425 | N11: 16850
A12: A3 | B12: 1.3 | C12: SERVIÇOS PRELIMINARES | D12: FISICO | E12: 0.0277 | F12: 0.6 | G12: 0.4 | N12: 1
D13: FINANCEIRO | E13: 158826.95 | F13: 95296.17 | G13: 63530.78 | H13: 0 | I13: 0 | J13: 0 | K13: 0 | L13: 0 | M13: 0 | N13: 158826.95
A14: A4 | B14: 1.4 | C14: PLANO DE RIGGING | D14: FISICO | E14: 0.0116 | G14: 0.5 | H14: 0.5 | N14: 1
D15: FINANCEIRO | E15: 66815.14 | F15: 0 | G15: 33407.57 | H15: 33407.57 | I15: 0 | J15: 0 | K15: 0 | L15: 0 | M15: 0 | N15: 66815.14
A16: B | B16: 2 | C16: PONTE A | D16: FISICO | E16: 0.3703 | F16: 0.069914353 | G16: 0.16057748 | H16: 0.18132626 | I16: 0.15110521 | J16: 0.15463951 | K16: 0.094197428 | L16: 0.12276309 | M16: 0.065476674 | N16: 1
D17: FINANCEIRO | E17: 2125309.1 | F17: 148589.61 | G17: 341276.78 | H17: 385374.34 | I17: 321145.28 | J17: 328656.76 | K17: 200198.65 | L17: 260909.51 | M17: 139158.17 | N17: 2125309.1
A18: B1 | B18: 2.1 | C18: OBRAS DE ARTE CORRENTE E DRENAGEM | D18: FISICO | E18: 0.0405 | J18: 0.25 | K18: 0.25 | L18: 0.25 | M18: 0.25 | N18: 1
D19: FINANCEIRO | E19: 232621.68 | F19: 0 | G19: 0 | H19: 0 | I19: 0 | J19: 58155.42 | K19: 58155.42 | L19: 58155.42 | M19: 58155.42 | N19: 232621.68
A20: B2 | B20: 2.2 | C20: ESTRUTURAS | D20: FISICO | E20: 0.2238 | F20: 0.1 | G20: 0.25 | H20: 0.3 | I20: 0.25 | J20: 0.1 | N20: 1
D21: FINANCEIRO | E21: 1284581.1 | F21: 128458.11 | G21: 321145.28 | H21: 385374.34 | I21: 321145.28 | J21: 128458.11 | K21: 0 | L21: 0 | M21: 0 | N21: 1284581.1
A22: B3 | B22: 2.3 | C22: TERRAPLANAGEM E PAVIMENTAÇÃO ASFÁLTICA | D22: FISICO | E22: 0.0707 | J22: 0.35 | K22: 0.35 | L22: 0.3 | N22: 1
D23: FINANCEIRO | E23: 405837.8 | F23: 0 | G23: 0 | H23: 0 | I23: 0 | J23: 142043.23 | K23: 142043.23 | L23: 121751.34 | M23: 0 | N23: 405837.8
A24: B4 | B24: 2.4 | C24: SINALIZAÇÃO E OBRAS COMPLEMENTARES | D24: FISICO | E24: 0.0282 | L24: 0.5 | M24: 0.5 | N24: 1
D25: FINANCEIRO | E25: 162005.49 | F25: 0 | G25: 0 | H25: 0 | I25: 0 | J25: 0 | K25: 0 | L25: 81002.75 | M25: 81002.75 | N25: 162005.5
A26: B5 | B26: 2.5 | C26: SINALIZAÇÃO DE OBRA | D26: FISICO | E26: 0.007 | F26: 0.5 | G26: 0.5 | N26: 1
D27: FINANCEIRO | E27: 40262.99 | F27: 20131.5 | G27: 20131.5 | H27: 0 | I27: 0 | J27: 0 | K27: 0 | L27: 0 | M27: 0 | N27: 40263
A28: C | B28: 3 | C28: PONTE B | D28: FISICO | E28: 0.2645 | F28: 0.083124934 | G28: 0.19001244 | H28: 0.21377501 | I28: 0.17814584 | J28: 0.14094223 | K28: 0.06968389 | L28: 0.075637539 | M28: 0.048678111 | N28: 1
D29: FINANCEIRO | E29: 1518354.5 | F29: 126213.12 | G29: 288506.25 | H29: 324586.26 | I29: 270488.55 | J29: 214000.27 | K29: 105804.85 | L29: 114844.6 | M29: 73910.63 | N29: 1518354.5
A30: C1 | B30: 3.1 | C30: OBRAS DE ARTE CORRENTE E DRENAGEM | D30: FISICO | E30: 0.0405 | J30: 0.25 | K30: 0.25 | L30: 0.25 | M30: 0.25 | N30: 1
D31: FINANCEIRO | E31: 232194.2 | F31: 0 | G31: 0 | H31: 0 | I31: 0 | J31: 58048.55 | K31: 58048.55 | L31: 58048.55 | M31: 58048.55 | N31: 232194.2
A32: C2 | B32: 3.2 | C32: ESTRUTURAS | D32: FISICO | E32: 0.1885 | F32: 0.1 | G32: 0.25 | H32: 0.3 | I32: 0.25 | J32: 0.1 | N32: 1
D33: FINANCEIRO | E33: 1081954.2 | F33: 108195.42 | G33: 270488.55 | H33: 324586.26 | I33: 270488.55 | J33: 108195.42 | K33: 0 | L33: 0 | M33: 0 | N33: 1081954.2
A34: C3 | B34: 3.3 | C34: TERRAPLANAGEM E PAVIMENTAÇÃO ASFÁLTICA | D34: FISICO | E34: 0.0238 | J34: 0.35 | K34: 0.35 | L34: 0.3 | N34: 1
D35: FINANCEIRO | E35: 136446.58 | F35: 0 | G35: 0 | H35: 0 | I35: 0 | J35: 47756.3 | K35: 47756.3 | L35: 40933.97 | M35: 0 | N35: 136446.57
A36: C4 | B36: 3.4 | C36: SINALIZAÇÃO E OBRAS COMPLEMENTARES | D36: FISICO | E36: 0.0055 | L36: 0.5 | M36: 0.5 | N36: 1
D37: FINANCEIRO | E37: 31724.15 | F37: 0 | G37: 0 | H37: 0 | I37: 0 | J37: 0 | K37: 0 | L37: 15862.08 | M37: 15862.08 | N37: 31724.16
A38: C5 | B38: 3.5 | C38: SINALIZAÇÃO DE OBRA | D38: FISICO | E38: 0.0063 | F38: 0.5 | G38: 0.5 | N38: 1
D39: FINANCEIRO | E39: 36035.39 | F39: 18017.7 | G39: 18017.7 | H39: 0 | I39: 0 | J39: 0 | K39: 0 | L39: 0 | M39: 0 | N39: 36035.4
A40: D | B40: 4 | C40: FORNECIMENTO DE MATERIAIS BETUMINOSOS E MASSA ASFÁLTICA (BDI DIFERENCIADO) | D40: FISICO | E40: 0.1373 | F40: 0 | G40: 0 | H40: 0 | I40: 0 | J40: 0 | K40: 0 | L40: 1 | M40: 0 | N40: 1
D41: FINANCEIRO | E41: 788375.16 | F41: 0 | G41: 0 | H41: 0 | I41: 0 | J41: 0 | K41: 0 | L41: 788375.16 | M41: 0 | N41: 788375.16
A42: D1 | B42: 4.1 | C42: EMULSÕES ASFÁLTICAS | D42: FISICO | E42: 0.0429 | L42: 1 | N42: 1
D43: FINANCEIRO | E43: 245979.96 | F43: 0 | G43: 0 | H43: 0 | I43: 0 | J43: 0 | K43: 0 | L43: 245979.96 | M43: 0 | N43: 245979.96
A44: D2 | B44: 4.2 | C44: MASSA ASFÁLTICA | D44: FISICO | E44: 0.0945 | L44: 1 | N44: 1
D45: FINANCEIRO | E45: 542395.2 | F45: 0 | G45: 0 | H45: 0 | I45: 0 | J45: 0 | K45: 0 | L45: 542395.2 | M45: 0 | N45: 542395.2
B46: TOTAL | D46: FISICO | E46: 0.71853209 | F46: 0.081034695 | G46: 0.14454299 | H46: 0.17224436 | I46: 0.13799619 | J46: 0.11557411 | K46: 0.067139754 | L46: 0.19981393 | M46: 0.040561752 | N46: 0.95890777
D47: FINANCEIRO | E47: 5986045.7 | F47: 485077.39 | G47: 865240.92 | H47: 1031062.6 | I47: 826051.51 | J47: 691831.92 | K47: 401901.64 | L47: 1196095.3 | M47: 242804.5 | N47: 5740065.7
B49: OBSERVAÇÕES:
